 Dungeon Crawl Stone Soup version 0.29.0-15-g675c0067aa (webtiles) character file.

Game seed: 2345991121321417984

52 xian the Gusty (level 3, 0/19 HPs)
             Began as a Deep Elf Air Elementalist on Sept 12, 2022.
             Killed by divine providence
             ... invoked by an orc priest
              (13 damage)
             ... on level 3 of the Dungeon.
             The game lasted 00:03:37 (1859 turns).

xian the Gusty (Deep Elf Air Elementalist)          Turns: 1859, Time: 00:03:38

Health: 0/19       AC:  3    Str:  5    XL:     3   Next: 60%
Magic:  5/10       EV: 13    Int: 21    God:
Gold:   152        SH:  0    Dex: 15    Spells: 3/9 levels left

rFire   . . .      SeeInvis .   m - +0 dagger
rCold   . . .      Faith    .   (no shield)
rNeg    . . .      Spirit   .   a - +0 robe
rPois   .          Reflect  .   (no helmet)
rElec   .          Harm     .   (no cloak)
rCorr   .          Rampage  .   e - +0 pair of gloves
Will    .....                   (no boots)
Stlth   ++........              (no amulet)
HPRegen 0.06/turn               (no ring)
MPRegen 0.12/turn               (no ring)

@: no status effects
A: no striking features
a: no special abilities


You were on level 3 of the Dungeon.
You visited 1 branch of the dungeon, and saw 3 of its levels.

You collected 152 gold pieces.

Inventory:

Hand Weapons
 c - a +0 whip
 m - a +0 dagger (weapon)
Armour
 a - a +0 robe (worn)
 e - a +0 pair of gloves (worn)
Scrolls
 d - a scroll of fog
Potions
 b - a potion of magic
 f - 2 potions of curing {unknown}
 h - a potion of brilliance {unknown}
 j - a potion of lignification {unknown}


   Skills:
 + Level 2.7 Dodging
 + Level 2.6 Stealth
 + Level 3.7 Spellcasting
 + Level 1.5 Conjurations
 + Level 3.9 Air Magic


You had 3 spell levels left.
You knew the following spells:

 Your Spells              Type           Power      Damage    Failure   Level
a - Shock                 Conj/Air       60%        1d6       4%          1
b - Static Discharge      Conj/Air       15%        3-5/arc   6%          2
c - Swiftness             Air            20%        N/A       8%          3

Your spell library contained the following spells:

 Spells                   Type           Power      Damage    Failure   Level
 Poisonous Vapours        Pois/Air       24%        N/A       9%          2
 Sublimation of Blood     Necr           3%         N/A       19%         2
 Wereblood                Tmut           3%         N/A       19%         2
 Airstrike                Air            10%        2d(2-18)  24%         4
 Corpse Rot               Necr/Pois/Air  9%         N/A       56%         4
 Summon Hydra             Summ           1%         N/A       100%        7


Dungeon Overview and Level Annotations

Branches:
Dungeon (3/15)

Altars:


Message History

Press: ? - help, Dir - move target
As you read the scroll labelled KOKKOS HEUGAG, it crumbles to dust.
It was a scroll of blinking.
You now have 152 gold pieces (gained 10).
As you read the scroll labelled ELOIGO BOEW, it crumbles to dust.
You feel strangely unstable.
It was a scroll of teleportation.
Unknown command.
Your surroundings suddenly seem different.
Found a stone staircase leading down.
An orc priest comes into view. It is wielding a +0 mace.
Found a scroll labelled PEWNECV JABB.
The zap hits the orc priest.
The orc priest is lightly wounded.
The orc priest shouts!
The orc priest calls down the wrath of Beogh upon you.
Beogh smites you!
You hear a shout! x3
You can't see any susceptible monsters within range! (Use Z to cast anyway.)
You can't see any susceptible monsters within range! (Use Z to cast anyway.)
An orc comes into view. It is wielding a +0 dagger.
The zap hits the orc.
The orc is severely wounded.
The zap misses the orc.
The zap hits the orc priest.
The orc priest is moderately wounded.
The zap hits the orc.
You kill the orc!
The zap hits the orc priest.
The orc priest is heavily wounded.
You hear the slow rusting of a very distant drain.
An orc comes into view. It is wielding a +0 short sword.
The zap hits the orc priest.
The orc priest is almost dead.
The orc shouts!
Unknown command.
The orc priest attacks as you move away!
The orc priest completely misses you.
The orc priest mumbles some strange prayers to Beogh against you.
Beogh smites you!
Ouch! That really hurt!
You die...

# .# .?# o..# .....
#.###########.o...#
........@.o.).....#
..###########>.....
....# .### # #.
.....## .# ##. #.
......# ..
.#..###.#....... .
.............. ##
... ....).# .


You could see an orc priest and an orc.

Vanquished Creatures
  An adder (D:3)
  A dart slug (D:1)
  A worm (D:2)
  2 orcs (D:3)
  3 endoplasms
  A giant cockroach (D:2)
  3 hobgoblins
  3 kobolds
  4 quokkas
  5 ball pythons
  4 bats (D:1)
  2 frilled lizards (D:2)
  3 goblins
  3 rats
36 creatures vanquished.

Notes
Turn   | Place    | Note
-------+----------+-------------------------------------------
     0 | D:1      | xian the Deep Elf Air Elementalist began the quest for the
                  | Orb.
     0 | D:1      | Reached XP level 1. HP: 10/10 MP: 6/6
     0 | D:1      | Noticed a tengu
     0 | D:1      | Noticed a ghoul
     1 | D:1      | Noticed a merfolk
     3 | D:1      | Noticed a spriggan
     3 | D:1      | Noticed a gargoyle
     5 | D:1      | Noticed an ogre
     6 | D:1      | Noticed a ghoul
     7 | D:1      | Noticed a felid
     8 | D:1      | Noticed a gargoyle
    13 | D:1      | Noticed a minotaur
    15 | D:1      | Noticed a draconian
    15 | D:1      | Noticed a gargoyle
    19 | D:1      | Noticed an octopode
    19 | D:1      | Noticed an elf
    23 | D:1      | Noticed a gargoyle
   322 | D:1      | Reached XP level 2. HP: 15/15 MP: 4/8
   325 | D:1      | Learned a level 2 spell: Static Discharge
   674 | D:1      | Found a faded altar of an unknown god.
  1215 | D:2      | Reached XP level 3. HP: 18/19 MP: 6/9
  1327 | D:2      | Learned a level 3 spell: Swiftness
  1859 | D:3      | Killed from afar by an orc priest

Illustrated notes

Levels and vault maps discovered:
D:1:      shiori_arrival_whats_in_store_for_you, layout_basic,
          hellmonk_ecumenical_altar_prayer_group
D:2:      layout_rooms, serial_corexii_hall, corexii_hall_statues_x,
          corexii_hall_statues_s, hex_intersection
D:3:      layout_loops_ring, old_standard_altar, okawaru_altar_gauntlet_db,
          xom_butterflies, mainiacjoe_overflow_24_doors,
          cheibrodos_sewer_entry_drain

Action                   || total
-------------------------++-------
Melee: Whip              ||    14
       Dagger            ||     1
 Cast: Shock             ||    89
  Use: Scroll            ||     4
Armor: Robe              ||    10
Dodge: Dodged            ||    31
